 Dungeon Crawl Stone Soup version 0.19.1 (webtiles) character file.

20111 Impy the Blocker (level 12, -5/72 HPs)
             Began as a Demonspawn Monk on Nov 29, 2016.
             Was a High Priest of Hepliaklqana.
             Slain by Zarson's ghost (39 damage)
             ... in an ice cave.
             The game lasted 00:51:25 (10502 turns).

Impy the Blocker (Demonspawn Monk)                 Turns: 10502, Time: 00:51:29

Health: -5/72      AC:  7    Str: 13    XL:     12   Next: 42%
Magic:  12/12      EV: 20    Int: 15    God:    Hepliaklqana [*****.]
Gold:   306        SH: 21    Dex: 20    Spells: 0 memorised, 11 levels left

rFire  + + .     SeeInvis .       - Unarmed
rCold  + + .     Gourm    .     I - +2 robe {rC+ rF+}
rNeg   . . .     Faith    .     g - +4 shield
rPois  .         Spirit   .     (helmet unavailable)
rElec  .         Reflect  +     (no cloak)
rCorr  .         Harm     .     (no gloves)
MR     .....                    C - +0 pair of boots {Fly}
Stlth  ++........               e - +4 amulet of reflection
                                o - +4 ring of dexterity
                                S - ring of protection from cold

@: flying, very slightly contaminated, hasted, very quick
A: reduced essence, beak, horns 3, thin metallic scales 1, fire resistance 1,
spiny 1
a: Recall Ancestor, Ancestor Identity, Transference, Idealise, Renounce
Religion, Stop Flying


You were in an ice cave.
You worshipped Hepliaklqana.
Hepliaklqana was extremely pleased with you.
You were not hungry.

You visited 1 branch of the dungeon, and saw 12 of its levels.
You also visited: Ice Cave.

You collected 632 gold pieces.
You spent 326 gold pieces at shops.

Inventory:

Armour
 g - a +4 shield (worn)
 C - a +0 pair of boots of flying (worn)
 I - a +2 robe of resistance (worn)
 R - a +0 troll leather armour
Jewellery
 e - a +4 amulet of reflection (around neck)
 l - an uncursed ring of positive energy
 o - a +4 ring of dexterity (right hand)
 p - an uncursed ring of magical power
 u - an uncursed ring of resist corrosion
 S - a ring of protection from cold (left hand)
Wands
 j - a wand of polymorph (10/24)
 r - a wand of teleportation (1/9)
 y - a wand of paralysis (8/24)
 B - a wand of heal wounds (4/9)
 E - a wand of random effects (26/48)
 G - a wand of teleportation (4/9)
 H - a wand of polymorph (3/24)
 L - a wand of acid (8/15)
 M - a wand of digging (12/24)
 O - a wand of flame (24/48)
Scrolls
 c - 5 scrolls of identify
 d - 9 scrolls of remove curse
 m - 3 scrolls of immolation
 v - a scroll of amnesia
 J - 7 scrolls of teleportation
 Q - 3 scrolls of enchant armour
 T - a scroll of magic mapping
Potions
 k - 4 potions of curing
 s - a potion of flight
 t - a potion of degeneration {unknown}
 w - a potion of mutation
 D - a potion of cancellation {unknown}
 F - a potion of brilliance {unknown}
Books
 a - a book of Callings

   Spells                             Type                      Level
   a - Summon Small Mammal            Summoning                    1
   b - Call Imp                       Summoning                    2
   c - Call Canine Familiar           Summoning                    3
   d - Summon Guardian Golem          Hexes/Summoning              3
   e - Summon Lightning Spire         Summoning/Air                4
   f - Summon Ice Beast               Ice/Summoning                4
 x - a book of Frost

   Spells                             Type                      Level
   a - Freeze                         Ice                          1
   b - Throw Frost                    Conjuration/Ice              2
   c - Ozocubu's Armour               Charms/Ice                   3
   d - Throw Icicle                   Conjuration/Ice              4
   e - Summon Ice Beast               Ice/Summoning                4
 N - Cuysailu's Guide on Envenoming
   (You found it on level 11 of the Dungeon)

   Spells                             Type                      Level
   a - Mephitic Cloud                 Conjuration/Poison/Air       3
   b - Ignite Poison                  Fire/Transmutation/Poison    3
   c - Spider Form                    Transmutation/Poison         3
   d - Olgreb's Toxic Radiance        Poison                       4
   e - Poisonous Cloud                Conjuration/Poison/Air       6
 P - the Reference Book on Translocation and Boosts
   (You found it on level 11 of the Dungeon)

   Spells                             Type                      Level
   a - Song of Slaying                Charms                       2
   b - Shroud of Golubria             Charms/Translocation         2
   c - Lesser Beckoning               Translocation                3
   d - Teleport Other                 Translocation                3
Comestibles
 b - 9 bread rations
 f - 5 meat rations
 h - 9 royal jellies
 n - 2 fruits
 z - 2 beef jerkies
 K - 3 slices of pizza


   Skills:
 - Level 3.0 Fighting
 + Level 0.1 Throwing
 - Level 2.7 Armour
 + Level 10.4 Dodging
 - Level 1.7 Stealth
 * Level 12.5 Shields
 - Level 10.0 Unarmed Combat
 + Level 0.8 Evocations


You had 11 spell levels left.
You didn't know any spells.

Dungeon Overview and Level Annotations

Branches:
Dungeon (12/15)            Temple (0/1) D:4            Lair (0/6) D:8
    Orc (0/2) D:11

Altars:
Dithmenos
Gozag
Hepliaklqana
Qazlal
Sif Muna
Uskayaw
Yredelemnul
The Shining One

Shops:
D:7 *   D:9 *

Annotations:
IceCv Zarson's ghost, journeyman TrMo


Innate Abilities, Weirdness & Mutations

You have a pair of large horns on your head.
You are partially covered in thin metallic scales. (AC +2)
Your flesh is heat resistant. (rF+)
You are partially covered in sharp spines.
Your life essence is reduced. (-10% HP)
You have a beak for a mouth.


Message History

Zarson's ghost hits you!!
You hear an angry growl.
Tertia hits Zarson's ghost but does no damage.
Zarson's ghost is struck by your spines.
Zarson's ghost hits you!
Tertia hits Zarson's ghost with a dagger of draining.
You feel yourself speed up.
Tertia barely misses Zarson's ghost.
You block Zarson's ghost's attack.
You are very lightly contaminated with residual magic.
A polar bear comes into view.
Tertia hits Zarson's ghost with a dagger of draining.
You feel better.
You hit Zarson's ghost but do no damage.
You peck Zarson's ghost, but do no damage.
Zarson's ghost is moderately damaged.
Tertia casts a spell at Zarson's ghost.
Zarson's ghost resists with almost no effort.
Zarson's ghost hits you!!!
Ouch! That really hurt!
You die...

##..###
##....# ###
##...#
###..####..
#..###
###.†.###.###
##...##
#...####.###.
≈#≈ ###..#
##...####.#§.
≈≈≈ #..##
###...##§§§#
≈≈≈≈ ##..##
###.§§§###
≈≈#≈≈ ###..#
######
#≈≈≈####W@.##
#≈≈≈#R≈####
#≈h≈≈##
#.≈≈#≈≈≈# ###
###≈≈≈#
#≈≈≈≈≈≈
######


You could see the friendly Tertia the hexer, a polar bear and Zarson's ghost.

Vanquished Creatures
  A death yak (IceCv)
  2 wizards (D:11)
  2 hill giants (D:12)
  2 deep elf magi (D:11)
  A gargoyle (D:11)
  A queen bee (D:10)
  3 trolls
  Grinder (D:5)
  6 polar bears (IceCv)
  A hippogriff (D:11)
  A vampire (D:10)
  2 fire elementals (D:11)
  2 wraiths (D:10)
  18 yaks
  Grum (D:10)
  A basilisk (D:12)
  A hungry ghost (D:7)
  A water moccasin (D:5)
  2 orc warriors (D:6)
  A hornet zombie (D:9)
  A black bear (D:10)
  A sky beast (D:9)
  2 ice beasts
  4 ogres
  15 wolves
  A centaur (D:9)
  A bullfrog (D:7)
  4 scorpions
  7 wights
  19 killer bees
  2 howler monkeys (D:11)
  2 crimson imps
  A jelly (D:8)
  7 hounds
  2 bullfrog zombies
  5 orc priests
  6 orc wizards
  3 centaur skeletons
  An iguana (D:5)
  4 worker ants
  A killer bee zombie (D:10)
  2 hound skeletons
  Robin (D:4)
  7 gnolls
  7 adders
  10 white imps (D:12)
  2 oozes
  2 adder zombies
  An adder skeleton (D:4)
  2 worms (D:3)
  A dart slug (D:1)
  5 leopard geckos
  25 orcs
  8 bats
  4 giant cockroaches
  11 goblins
  7 hobgoblins
  4 jackals
  4 kobolds
  5 quokkas
  2 ball pythons
  7 frilled lizards
  A leopard gecko skeleton (D:4)
  27 rats
284 creatures vanquished.

Vanquished Creatures (collateral kills)
  Erica (D:9)
  2 hill giants
  A deep elf mage (D:11)
  A cyclops (D:9)
  A gargoyle (D:10)
  A troll (D:11)
  2 polar bears (IceCv)
  A hippogriff (D:10)
  2 yaks (IceCv)
  A wyvern (D:9)
  Menkaure (D:5)
  A water moccasin (D:11)
  A sky beast (D:12)
  3 ice beasts
  An ogre (D:4)
  2 wolves
  A bullfrog (D:6)
  A scorpion (D:8)
  A wight (D:7)
  A howler monkey (D:4)
  2 crimson imps
  An orc wizard (D:11)
  3 orc priests
  An iguana (D:9)
  A worker ant (D:10)
  An adder (D:8)
  A gnoll (D:8)
  2 white imps (D:12)
  12 orcs
  A giant cockroach (D:7)
  2 goblins (D:4)
  2 hobgoblins
  2 jackals (D:8)
  A rat (D:4)
58 creatures vanquished.

Vanquished Creatures (others)
  A polar bear (IceCv)
  3 wolves (IceCv)
  6 hexers
  An orc (D:11)
11 creatures vanquished.

Grand Total: 353 creatures vanquished

Notes
Turn   | Place    | Note
-------+----------+-------------------------------------------
     0 | D:1      | Impy the Demonspawn Monk began the quest for the Orb.
     0 | D:1      | Reached XP level 1. HP: 18/18 MP: 1/1
    93 | D:1      | Gained mutation: You have a pair of small horns on your head. [demonic ancestry]
    93 | D:1      | Reached XP level 2. HP: 7/24 MP: 2/2
   663 | D:1      | Reached XP level 3. HP: 25/29 MP: 3/3
  1439 | D:3      | Reached XP level 4. HP: 23/35 MP: 4/4
  1941 | D:3      | Found a basalt altar of Yredelemnul.
  1942 | D:3      | Found a deep blue altar of Sif Muna.
  1994 | D:3      | Found a hazy altar of Hepliaklqana.
  2004 | D:3      | Became a worshipper of Hepliaklqana the Forgotten
  2004 | D:3      | Reached * piety under Hepliaklqana
  2004 | D:3      | Reached ** piety under Hepliaklqana
  2085 | D:3      | Remembered your ancestor Tertia as a hexer
  2323 | D:4      | Gained mutation: You are partially covered in sharp spines. [demonic ancestry]
  2323 | D:4      | Reached XP level 5. HP: 36/36 MP: 5/5
  2353 | D:4      | Noticed an ogre
  2367 | D:4      | Killed an ogre
  2367 | D:4      | Reached skill level 1 in Armour
  2367 | D:4      | Reached skill level 5 in Unarmed Combat
  2436 | D:4      | Gained mutation: You are partially covered in thin metallic scales. (AC +2) [demonic ancestry]
  2436 | D:4      | Reached XP level 6. HP: 31/42 MP: 6/6
  2653 | D:4      | Noticed Robin
  2663 | D:4      | Found a stormy altar of Qazlal.
  2667 | D:4      | Killed Robin
  2964 | D:4      | Found a staircase to the Ecumenical Temple.
  3029 | D:4      | Gained mutation: You have a pair of horns on your head. [demonic ancestry]
  3029 | D:4      | Reached XP level 7. HP: 30/46 MP: 7/7
  3334 | D:5      | Entered Level 5 of the Dungeon
  3421 | D:5      | Gained mutation: You have a beak for a mouth. [potion of mutation]
  3421 | D:5      | Gained mutation: Your natural rate of healing is unusually fast. [potion of mutation]
  3421 | D:5      | Gained mutation: Potions and wands are less effective at restoring your health. [potion of mutation]
  3513 | D:5      | Found a shadowy altar of Dithmenos.
  3527 | D:5      | Noticed Menkaure
  3535 | D:5      | Killed Menkaure
  3566 | D:5      | Noticed Grinder
  3597 | D:5      | Killed Grinder
  3597 | D:5      | Reached XP level 8. HP: 52/52 MP: 8/8
  3728 | D:5      | Reached skill level 5 in Dodging
  3977 | D:6      | Reached *** piety under Hepliaklqana
  4433 | D:6      | Reached XP level 9. HP: 55/56 MP: 9/9
  4488 | D:7      | Noticed a hill giant
  4532 | D:7      | Found Pibuz's Assorted Antiques.
  4540 | D:7      | Bought a pair of embroidered boots for 241 gold pieces
  4749 | D:7      | Reached skill level 10 in Unarmed Combat
  4769 | D:7      | Killed a hill giant
  4769 | D:7      | Reached skill level 2 in Shields
  4945 | D:7      | Reached skill level 3 in Shields
  5202 | D:7      | Reached skill level 4 in Shields
  5629 | D:8      | Noticed a troll
  5640 | D:8      | Killed a troll
  5664 | D:8      | Reached XP level 10. HP: 53/63 MP: 10/10
  5731 | D:8      | Reached **** piety under Hepliaklqana
  5910 | D:8      | Reached skill level 5 in Shields
  5987 | D:8      | Found a staircase to the Lair.
  6113 | D:9      | Reached skill level 6 in Shields
  6202 | D:9      | Noticed an angel
  6208 | D:9      | Found Basmiuh's Hallowed Reliquary.
  6218 | D:9      | Found a glowing golden altar of the Shining One.
  6329 | D:9      | Bought a potion of heal wounds for 85 gold pieces
  6357 | D:9      | Noticed a cyclops
  6363 | D:9      | Killed a cyclops
  6507 | D:9      | Lost mutation: Your natural rate of healing is unusually fast. [potion of cure mutation]
  6507 | D:9      | Lost mutation: Potions and wands are less effective at restoring your health. [potion of cure mutation]
  6585 | D:9      | Noticed Erica
  6598 | D:9      | Killed Erica
  6598 | D:9      | Reached skill level 7 in Shields
  6789 | D:9      | Found an opulent altar of Gozag.
  6917 | D:10     | Entered Level 10 of the Dungeon
  6954 | D:10     | Reached skill level 8 in Shields
  7023 | D:10     | Noticed a gargoyle
  7030 | D:10     | Killed a gargoyle
  7030 | D:10     | Gained mutation: You have a pair of large horns on your head. [demonic ancestry]
  7030 | D:10     | Reached XP level 11. HP: 45/67 MP: 11/11
  7531 | D:10     | Reached skill level 9 in Shields
  7819 | D:10     | Noticed Grum
  7830 | D:10     | Killed Grum
  7882 | D:10     | Noticed a hill giant
  8031 | D:10     | Killed a hill giant
  8124 | D:11     | Found a hide-covered altar of Uskayaw.
  8225 | D:11     | Found a staircase to the Orcish Mines.
  8335 | D:11     | Noticed a deep elf mage
  8336 | D:11     | Noticed a deep elf mage
  8339 | D:11     | Noticed a deep elf mage
  8343 | D:11     | Killed a deep elf mage
  8343 | D:11     | Reached skill level 10 in Shields
  8350 | D:11     | Killed a deep elf mage
  8373 | D:11     | Killed a deep elf mage
  8582 | D:11     | Noticed a wizard
  8582 | D:11     | Noticed a wizard
  8584 | D:11     | Killed a wizard
  8588 | D:11     | Killed a wizard
  8595 | D:11     | Identified Cuysailu's Guide on Envenoming
  8597 | D:11     | Identified the Reference Book on Translocation and Boosts
  8681 | D:11     | Reached skill level 11 in Shields
  8708 | D:11     | Got a faintly glowing robe
  8709 | D:11     | Identified the cursed +1 robe of Beogh's Pride {MP+9} (You found it on level 11 of the Dungeon)
  8930 | D:12     | Reached ***** piety under Hepliaklqana
  8960 | D:12     | Reached skill level 10 in Dodging
  8980 | D:12     | Noticed a hill giant
  8992 | D:12     | Killed a hill giant
  9047 | D:12     | Noticed a hill giant
  9053 | D:12     | Killed a hill giant
  9066 | D:12     | Gained mutation: Your flesh is heat resistant. (rF+) [demonic ancestry]
  9066 | D:12     | Reached XP level 12. HP: 27/72 MP: 12/12
  9233 | D:12     | Found a frozen archway.
  9283 | IceCv    | Entered an ice cave
  9878 | IceCv    | Noticed a death yak
  9897 | IceCv    | Reached skill level 12 in Shields
  9926 | IceCv    | Killed a death yak
 10488 | IceCv    | Noticed Zarson's ghost (journeyman TrMo)
 10502 | IceCv    | Slain by Zarson's ghost

Skill      XL: |  1  2  3  4  5  6  7  8  9 10 11 12 |
---------------+-------------------------------------+-----
Dodging        | 3 4 5 7 9 10 | 10.4
Unarmed Combat | 3 4 5 6 7 9 10 | 10.0
Armour         | 1 2 |  2.7
Shields        | 4 8 11 12 | 12.5
Fighting       | |  3.0
Throwing       | |  0.1
Stealth        | |  1.7
Evocations     | |  0.8

Action                   |  1- 3 |  4- 6 |  7- 9 | 10-12 || total
-------------------------+-------+-------+-------+-------++-------
Melee: Unarmed           |   133 |   161 |   208 |   626 ||  1128
       Headbutt          |    20 |    37 |    37 |   159 ||   253
       Punch             |       |     4 |    10 |     2 ||    16
       Peck              |       |       |    29 |   159 ||   188
Throw: Throwing net      |       |       |       |     1 ||     1
Invok: Ancestor Life: He |       |     1 |       |       ||     1
       Ancestor Identity |       |       |     1 |       ||     1
       Recall Ancestor   |       |       |       |     3 ||     3
Evoke: Wand              |       |       |     1 |       ||     1
  Use: Scroll            |       |     2 |     9 |    11 ||    22
       Potion            |       |       |     9 |     9 ||    18
 Stab: Sleeping          |     5 |     1 |     2 |     2 ||    10
       Distracted        |       |     2 |     2 |    10 ||    14
       Confused          |       |       |     5 |     7 ||    12
       Held in net/web   |       |       |       |     2 ||     2
  Eat: Chunk             |     1 |     6 |    10 |    11 ||    28
       Meat ration       |       |       |       |     1 ||     1
Armor: Robe              |    21 |       |       |    29 ||    50
       Leather armour    |     2 |    24 |    28 |     7 ||    61
Dodge: Dodged            |    64 |    67 |   102 |   184 ||   417
Block: Other             |    16 |    22 |    21 |     4 ||    63
       Reflection        |       |       |     1 |     7 ||     8
       Shield            |       |       |       |   443 ||   443
